 Dungeon Crawl Stone Soup version 0.29-a0-1052-g6990b1bffc (webtiles) character file.

Game seed: 18417631846390668935

850 Rohain the Zephyrmancer (level 8, -2/41 HPs)
             Began as a Tengu Air Elementalist on Aug 17, 2022.
             Slain by an ice beast (8 damage)
             ... on level 5 of the Dungeon.
             The game lasted 00:10:42 (4787 turns).

Rohain the Zephyrmancer (Tengu Air Elementalist)    Turns: 4787, Time: 00:10:43

Health: -2/41      AC:  8    Str:  9    XL:     8   Next: 1%
Magic:  4/15       EV: 14    Int: 17    God:
Gold:   188        SH:  5    Dex: 15    Spells: 3/15 levels left

rFire   . . .      SeeInvis .   (no weapon)
rCold   . . .      Faith    .   (no shield)
rNeg    + . .      Spirit   .   y - +2 robe {rN+}
rPois   .          Reflect  +   (helmet restricted)
rElec   .          Harm     .   i - +2 cloak
rCorr   .          Rampage  .   o - +0 pair of gloves
Will    .....                   (boots unavailable)
Stlth   ++........              c - amulet of reflection
HPRegen 0.13/turn               (no ring)
MPRegen 0.14/turn               (no ring)

@: sluggish, flying quickly and evasively, very slow
A: beak, talons 3, nimble flight
a: no special abilities


You were on level 5 of the Dungeon.
You visited 1 branch of the dungeon, and saw 5 of its levels.

You collected 276 gold pieces.
You spent 88 gold pieces at shops.

Inventory:

Armour
 a - a +0 robe
 i - a +2 cloak (worn)
 j - an orb of guile
 o - a +0 pair of gloves (worn)
 y - a +2 robe of positive energy (worn)
Jewellery
 c - an amulet of reflection (around neck)
Wands
 q - a wand of flame (24)
Scrolls
 e - 2 scrolls of brand weapon
 k - 2 scrolls of identify
 s - a scroll of amnesia
 t - 3 scrolls of magic mapping
 x - 2 scrolls of torment
Potions
 b - a potion of magic
 d - a potion of cancellation
 f - a potion of invisibility
 g - a potion of might {unknown}
 h - a potion of attraction
 l - a potion of mutation {unknown}
 n - a potion of heal wounds {unknown}
 p - 2 potions of lignification {unknown}
 r - 3 potions of flight
 w - a potion of haste {unknown}


   Skills:
 - Level 2.1 Dodging
 - Level 2.0 Stealth
 + Level 4.3 Spellcasting
 + Level 5.7 Conjurations
 * Level 9.0 Air Magic


You had 3 spell levels left.
You knew the following spells:

 Your Spells              Type           Power      Damage    Failure   Level
a - Shock                 Conj/Air       100%       1d9       1%          1
b - Static Discharge      Conj/Air       28%        3-7/arc   1%          2
c - Swiftness             Air            34%        N/A       1%          3
d - Poisonous Vapours     Pois/Air       38%        N/A       3%          2
e - Airstrike             Air            17%        2d(3-19)  3%          4

Your spell library contained the following spells:

 Spells                   Type           Power      Damage    Failure   Level
 Ensorcelled Hibernation  Hex/Ice        6%         N/A       22%         2
 Spider Form              Tmut/Pois      3%         N/A       41%         3
 Corpse Rot               Necr/Pois/Air  13%        N/A       41%         4
 Sticky Flame             Conj/Fire      13%        2d4       43%         4
 Anguish                  Hex/Necr       1%         N/A       83%         4
 Animate Dead             Necr           3%         N/A       83%         4
 Dispel Undead            Necr           3%         3d7       83%         4
 Borgnjor's Vile Clutch   Necr/Erth      1%         N/A       99%         5
 Death Channel            Necr           1%         N/A       100%        6


Dungeon Overview and Level Annotations

Branches:
Dungeon (5/15)             Temple (0/1) D:5

Altars:
Ashenzari
Sif Muna

Shops:
D:1 [   D:2 [


Innate Abilities, Weirdness & Mutations

You have a beak for a mouth.
You have claws for feet.
Your magical nature lets you fly swiftly and evasively.


Message History

This spell is already in effect.
Casting: Swiftness (safe; 1% risk of failure)
Confirm with . or Enter, or press ? or * to list all spells.
Aiming: Shock (safe; 1% risk of failure)
Press: ? - help, Shift-Dir - straight line, f - orc
Aim: an orc, wielding a +0 club and wearing a +0 scale mail (77% to hit)
The zap hits the orc but does no damage.
The orc misses you.
You are too injured to fight recklessly!
Casting: Shock (safe; 1% risk of failure)
Confirm with . or Enter, or press ? or * to list all spells.
Aiming: Shock (safe; 1% risk of failure)
Press: ? - help, Shift-Dir - straight line, f/p - orc
Aim: an orc, wielding a +0 club and wearing a +0 scale mail (77% to hit)
The zap hits the orc.
The orc is moderately wounded.
The orc hits you but does no damage.
Casting: Shock (safe; 1% risk of failure)
Confirm with . or Enter, or press ? or * to list all spells.
Aiming: Shock (safe; 1% risk of failure)
Press: ? - help, Shift-Dir - straight line, f/p - orc
Aim: an orc, wielding a +0 club and wearing a +0 scale mail (moderately wounded, 77% to hit)
The zap hits the orc.
The orc is almost dead.
The orc hits you with a +0 club.
* * * LOW HITPOINT WARNING * * *
Casting: Shock (safe; 1% risk of failure)
Confirm with . or Enter, or press ? or * to list all spells.
Aiming: Shock (safe; 1% risk of failure)
Press: ? - help, Shift-Dir - straight line, f/p - orc
Aim: an orc, wielding a +0 club and wearing a +0 scale mail (almost dead, 77% to hit)
The zap hits the orc but does no damage.
The orc is almost dead.
The orc closely misses you. The orc barely misses you.
The ice beast attacks as you move away! You block the ice beast's attack.
The orc closely misses you. The ice beast hits you.
* * * LOW HITPOINT WARNING * * *
The ice beast freezes you!
You die...

......[##.....##.........##*#++**
.......##o...(##..........##...*
...........#.................#**
##..############...##.......#*
,#.># ***##** ###..#........###
*##.####⌠.⌠*###...............#
.#.....#.>.+,................#*
...o####⌠.⌠***#..............#
..#.# ***##** #.@...........##
###.###########.oY..........#
##Y..#...................##
###..##........))...<)##...#
#...###..#....###.....#*...#
###..#o..##....#*##....#*#|##
#......####..#..#*#.).......**
....##..#...#..###...........*
.###*##...#.#...#...##...#...#


You could see an ice beast and an orc.

Vanquished Creatures
  Menkaure (D:5)
  An ice beast (D:5)
  An ogre (D:4)
  A phantom (D:4)
  2 scorpions (D:3)
  A gnoll bouda (D:4)
  2 hounds
  2 orc priests (D:5)
  Jessica (D:3)
  Ijyb (D:3)
  An iguana (D:4)
  An orc wizard (D:5)
  7 adders
  4 dart slugs
  4 orcs
  6 ball pythons
  6 endoplasms
  4 hobgoblins
  8 kobolds
  3 quokkas
  5 bats (D:2)
  2 frilled lizards
  A goblin (D:4)
  3 rats
68 creatures vanquished.

Notes
Turn   | Place    | Note
-------+----------+-------------------------------------------
     0 | D:1      | Rohain the Tengu Air Elementalist began the quest for the
                  | Orb.
     0 | D:1      | Reached XP level 1. HP: 10/10 MP: 4/4
    85 | D:1      | Found a faded altar of an unknown god.
   270 | D:1      | Found Uceuduq's Antique Armour Emporium.
   452 | D:2      | Reached XP level 2. HP: 15/15 MP: 3/6
   490 | D:2      | Learned a level 2 spell: Static Discharge
   766 | D:2      | Reached XP level 3. HP: 19/19 MP: 5/7
   951 | D:2      | Reached skill level 5 in Air Magic
  1243 | D:2      | Found Etiv Venaoso's Armour Shop.
  1246 | D:2      | Identified the +10 short sword "Anasic" {venom, *Slow rF++
                  | Dex+3}
  1704 | D:3      | You fall into a shaft and drop 2 floors!
  1704 | D:5      | Entered Level 5 of the Dungeon
  1742 | D:5      | Reached XP level 4. HP: 19/24 MP: 8/8
  1780 | D:5      | Noticed Menkaure
  1797 | D:5      | Killed Menkaure
  1798 | D:5      | Reached skill level 6 in Air Magic
  1798 | D:5      | Gained mutation: Your magical nature lets you fly swiftly
                  | and evasively. [Tengu growth]
  1798 | D:5      | Reached XP level 5. HP: 11/28 MP: 1/10
  2011 | D:5      | Noticed an ice beast
  2036 | D:5      | Found a staircase to the Ecumenical Temple.
  2073 | D:3      | Reached XP level 6. HP: 24/32 MP: 6/11
  2241 | D:3      | Learned a level 3 spell: Swiftness
  2285 | D:3      | Learned a level 2 spell: Poisonous Vapours
  2408 | D:3      | Noticed Jessica
  2414 | D:3      | Killed Jessica
  2415 | D:3      | Reached skill level 7 in Air Magic
  2657 | D:3      | Noticed Ijyb
  2667 | D:3      | Killed Ijyb
  3261 | D:1      | Bought a runed robe for 88 gold pieces
  3601 | D:4      | Reached XP level 7. HP: 36/36 MP: 7/13
  3725 | D:4      | Learned a level 4 spell: Airstrike
  3790 | D:4      | Reached skill level 8 in Air Magic
  4173 | D:4      | Found a broken altar of Ashenzari.
  4182 | D:4      | Reached skill level 5 in Conjurations
  4225 | D:4      | Found a shimmering blue altar of Sif Muna.
  4781 | D:5      | Reached skill level 9 in Air Magic
  4782 | D:5      | Reached XP level 8. HP: 10/41 MP: 7/15
  4787 | D:5      | Slain by an ice beast

Illustrated notes

Levels and vault maps discovered:
D:1:      dpeg_arrival_simpleton_c, layout_rooms, basic_ecumenical_altar,
          serial_shops, nicolae_shop_crystal
D:2:      layout_basic, serial_shops, nicolae_diamond_shop
D:3:      layout_loops_ring, kennysheep_generic_room_9, uniq_jessica, uniq_ijyb
D:4:      dreamdust_elfheim, layout_basic, jmf_multi_god_temple, minmay_bent
D:5:      layout_cave_pools, jmf_multi_god_temple2, temple_doors_ab,
          kennysheep_generic_room_6, uniq_menkaure

Skill      XL: |  1  2  3  4  5  6  7 |
---------------+----------------------+-----
Conjurations   | 2 3 4 5 |  5.7
Air Magic      | 5 6 7 9 |  9.0
Spellcasting   | 3 4 |  4.3
Dodging        | |  2.1
Stealth        | |  2.0

Action                   |  1- 3 |  4- 6 |  7- 9 || total
-------------------------+-------+-------+-------++-------
Melee: Unarmed           |    12 |     1 |     6 ||    19
       Kick              |     3 |     1 |     2 ||     6
       Peck              |       |       |     1 ||     1
 Cast: Shock             |    59 |    58 |    55 ||   172
       Poisonous Vapours |       |     5 |     1 ||     6
       Airstrike         |       |       |     5 ||     5
       Swiftness         |       |       |     1 ||     1
  Use: Scroll            |     4 |     3 |     7 ||    14
       Potion            |       |     2 |     2 ||     4
Armor: Robe              |    10 |     6 |    11 ||    27
Dodge: Dodged            |    13 |    19 |    20 ||    52
Block: Other             |       |       |     5 ||     5

Table legend: (Time is in decaauts)
 A = Elapsed time spent in this place.
 B = Non-inter-level travel time spent in this place.
 C = Inter-level travel time spent in this place.
 D = Time resting spent in this place.
 E = Time spent auto-exploring this place.
 F = Levels seen in this place.
 G = Mean time per level.
                   A        B        C        D        E       F      G
               +--------+--------+--------+--------+--------+-----+--------+
         Total |   4626 |   4444 |    182 |    795 |   2981 |   5 |  925.2 |
       Dungeon |   4626 |   4444 |    182 |    795 |   2981 |   5 |  925.2 |
               +--------+--------+--------+--------+--------+-----+--------+

Top non-repeatable levels by time:
     D:4: 1332 daAuts
     D:2: 1223 daAuts
     D:3: 1173 daAuts
     D:1: 512 daAuts
     D:5: 384 daAuts
